 Dungeon Crawl Stone Soup version 0.30-a0-528-g8c47a4955b (webtiles) character file.

Game seed: 3369206616324023903

812 NinjaNoafa the Grasshopper (level 7, -4/56 HPs)
             Began as a Gnoll Warper on Dec 23, 2022.
             Killed by divine providence
             ... invoked by an orc priest
              (13 damage)
             ... on level 5 of the Dungeon.
             The game lasted 00:15:04 (4491 turns).

NinjaNoafa the Grasshopper (Gnoll Warper)           Turns: 4491, Time: 00:15:05

Health: -4/56      AC:  9    Str: 10    XL:     7   Next: 93%
Magic:  5/15       EV: 14    Int: 15    God:
Gold:   281        SH:  0    Dex: 14    Spells: 2/17 levels left

rFire   . . .      SeeInvis .    a - +0 falchion
rCold   . . .      Faith    .    (no shield)
rNeg    . . .      Spirit   .    h - +0 robe
rPois   .          Reflect  .    m - +1 helmet {Int+3}
rElec   .          Harm     .    v - +0 cloak
rCorr   .          Rampage  .    (no gloves)
Will    .....                    (no boots)
Stlth   ++                       q - amulet of magic regeneration
HPRegen 0.29/turn                l - +4 ring of protection
MPRegen 0.54/turn                s - ring of flight

@: mighty, flying, very slightly contaminated
A: fangs 1, strong nose, distributed training
a: no special abilities


You were on level 5 of the Dungeon.
You visited 1 branch of the dungeon, and saw 5 of its levels.
You also visited: Ossuary.

You collected 281 gold pieces.

Inventory:

Hand Weapons
 a - a +0 falchion (weapon)
Missiles
 d - 4 boomerangs of dispersal
 g - 41 stones
 i - 6 boomerangs
 t - 10 poisoned darts (quivered)
Armour
 h - a +0 robe (worn)
 m - a +1 helmet of intelligence (worn)
 v - a +0 cloak (worn)
Jewellery
 l - a +4 ring of protection (left hand)
 q - an amulet of magic regeneration (around neck)
 s - a ring of flight (right hand)
Scrolls
 b - 5 scrolls of teleportation
 c - 2 scrolls of blinking
 k - a scroll of enchant armour {unknown}
 n - 4 scrolls of identify {unknown}
 o - a scroll of butterflies {unknown}
 u - a scroll of fog {unknown}
 x - a scroll of magic mapping {unknown}
 y - a scroll of vulnerability {unknown}
 A - a scroll of enchant weapon {unknown}
 B - a scroll of poison {unknown}
 C - 2 scrolls of immolation
 D - 2 scrolls of noise
 G - a scroll of fear {unknown}
Potions
 e - a potion of flight
 f - a potion of resistance
 j - a potion of mutation {unknown}
 p - 2 potions of magic
 r - a potion of lignification
 E - 11 potions of degeneration


   Skills:
 + Level 5.4 Fighting
 + Level 2.9 Short Blades
 + Level 5.4 Long Blades
 + Level 2.9 Axes
 + Level 2.9 Maces & Flails
 + Level 2.9 Polearms
 + Level 2.9 Staves
 + Level 2.9 Ranged Weapons
 + Level 3.9 Throwing
 + Level 3.9 Armour
 + Level 5.4 Dodging
 + Level 2.9 Stealth
 + Level 2.9 Shields
 + Level 2.9 Unarmed Combat
 + Level 5.8 Spellcasting
 + Level 2.3 Conjurations
 + Level 2.3 Hexes
 + Level 2.3 Summonings
 + Level 2.3 Necromancy
 + Level 6.0 Translocations
 + Level 2.3 Transmutations
 + Level 2.3 Fire Magic
 + Level 2.3 Ice Magic
 + Level 2.3 Air Magic
 + Level 2.3 Earth Magic
 + Level 2.3 Poison Magic
 + Level 3.2 Invocations
 + Level 2.9 Evocations


You had 2 spell levels left.
You knew the following spells:

 Your Spells              Type           Power      Damage    Failure   Level
a - Blink                 Tloc           44%        N/A       1%          2
b - Lesser Beckoning      Tloc           44%        N/A       3%          3
c - Teleport Other        Tloc           22%        N/A       3%          3
d - Vhi's Electric Charg  Tloc/Air       32%        N/A       9%          3
e - Manifold Assault      Tloc           22%        N/A       13%         4

Your spell library contained the following spells:

 Spells                   Type           Power      Damage    Failure   Level


Dungeon Overview and Level Annotations

Branches:
Dungeon (5/15)            Ossuary (visited)
 Temple: D:4-7

Altars:
Okawaru
The Shining One


Innate Abilities, Weirdness & Mutations

You have very sharp teeth.
Your uncanny sense of smell can sniff out nearby items.
Your experience applies equally to all skills.


Message History

Casting: Manifold Assault (dangerous; 13% risk of failure)
Confirm with . or Enter, or press ? or * to list all spells.
Space momentarily warps into an impossible shape!
You barely miss the gnoll. You hit the gnoll. You hit the orc priest.
The gnoll hits you but does no damage. The gnoll barely misses you.
The orc priest hits you with a +0 war axe.
Hit: a) +0 falchion
Press: ? - help, Dir - move target, f/p - orc priest
Aim: an orc priest, wielding a +0 war axe and wearing a +0 chain mail (moderately wounded, about 30% to evade your +0 falchion)
Okay, then.
You aren't carrying any items that you can evoke.
You feel very mighty all of a sudden.
You are no longer locked in place.
The orc priest hits you with a +0 war axe!
The gnoll hits you with a +0 club. The gnoll barely misses you.
The gnoll attacks as you move away! The gnoll barely misses you.
The orc priest calls down the wrath of Beogh upon you.
You struggle to resist.
The gnoll barely misses you.
You slash the gnoll! You bite the gnoll.
The gnoll is almost dead.
The gnoll closely misses you. x3
You completely miss the gnoll.
The gnoll is almost dead.
The gnoll hits you with a +0 club. x2
* * * LOW HITPOINT WARNING * * *
The gnoll hits you but does no damage.
You slash the gnoll!
You kill the gnoll!
The gnoll hits you with a +0 club.
* * * LOW HITPOINT WARNING * * *
The gnoll misses you. The gnoll hits you but does no damage.
Something hits you but does no damage.
Casting: Manifold Assault (dangerous; 13% risk of failure)
Confirm with . or Enter, or press ? or * to list all spells.
Aiming: Teleport Other (dangerous; 3% risk of failure)
Press: ? - help, Shift-Dir - straight line, f/p - orc priest
Aim: an orc priest, wielding a +0 war axe and wearing a +0 chain mail (lightly wounded, chance to affect: 62%)
The orc priest resists with significant effort.
The orc priest mumbles some strange prayers to Beogh against you.
Beogh smites you!
You die...

## ...♣.♣ ♣ ♣...
..#.♣.♣._.♣.♣.##
.##.#..♣.♣.♣.♣...#
.......♣.♣.♣....###
####.#....♣.♣........
#......#...♣...#..#####
#....#........(.......#
...#.........ggg.......
.##..#.##.###)..@o......#
..........# #####...#####
#.#.......# ........
#.#..#.##.# ....#.##
..#.......# .....#.#
..#.##.#..# .#..## #
..#.##.#..# #...##
.<........# .. ∆
.##.####.......#


You could see an orc priest and 3 gnolls.

Vanquished Creatures
  Eustachio (D:4)
  Edmund (D:4)
  An ogre (D:4)
  A necrophage (D:4)
  A hound (D:4)
  2 human zombies (Ossuary)
  2 orc wizards
  An iguana (D:3)
  4 mummies (Ossuary)
  Robin (D:2)
  3 adders
  5 gnolls
  A white imp (D:4)
  A worm (D:4)
  3 dart slugs (D:1)
  7 orcs
  5 endoplasms
  18 goblins
  6 hobgoblins
  3 jackals (D:2)
  3 quokkas
  2 ball pythons
  7 bats
  7 frilled lizards
  A goblin zombie (Ossuary)
  2 kobolds
  4 kobold zombies (Ossuary)
  An orc zombie (Ossuary)
  3 rats
97 creatures vanquished.

Notes
Turn   | Place    | Note
-------+----------+-------------------------------------------
     0 | D:1      | NinjaNoafa the Gnoll Warper began the quest for the Orb.
     0 | D:1      | Reached XP level 1. HP: 20/20 MP: 6/6
   221 | D:1      | Reached XP level 2. HP: 22/26 MP: 7/7
   234 | D:1      | Learned a level 2 spell: Blink
   487 | D:1      | Reached skill level 5 in Spellcasting
   487 | D:1      | Reached XP level 3. HP: 18/31 MP: 7/9
   693 | D:2      | Learned a level 3 spell: Lesser Beckoning
   697 | D:2      | Learned a level 3 spell: Teleport Other
   817 | D:2      | Reached skill level 1 in Invocations
  1011 | D:2      | Noticed Robin
  1046 | D:2      | Reached skill level 1 in Short Blades
  1046 | D:2      | Reached skill level 1 in Axes
  1046 | D:2      | Reached skill level 1 in Maces & Flails
  1046 | D:2      | Reached skill level 1 in Polearms
  1046 | D:2      | Reached skill level 1 in Staves
  1046 | D:2      | Reached skill level 1 in Ranged Weapons
  1046 | D:2      | Reached skill level 1 in Stealth
  1046 | D:2      | Reached skill level 1 in Shields
  1046 | D:2      | Reached skill level 1 in Unarmed Combat
  1046 | D:2      | Reached skill level 1 in Evocations
  1186 | D:2      | Reached XP level 4. HP: 38/38 MP: 11/11
  1350 | D:2      | Learned a level 3 spell: Vhi's Electric Charge
  1385 | D:2      | Killed Robin
  1561 | D:3      | Found a glowing golden altar of the Shining One.
  1617 | D:3      | Reached skill level 1 in Conjurations
  1617 | D:3      | Reached skill level 1 in Hexes
  1617 | D:3      | Reached skill level 1 in Summonings
  1617 | D:3      | Reached skill level 1 in Necromancy
  1617 | D:3      | Reached skill level 1 in Transmutations
  1617 | D:3      | Reached skill level 1 in Fire Magic
  1617 | D:3      | Reached skill level 1 in Ice Magic
  1617 | D:3      | Reached skill level 1 in Air Magic
  1617 | D:3      | Reached skill level 1 in Earth Magic
  1617 | D:3      | Reached skill level 1 in Poison Magic
  1707 | D:3      | Found a faded altar of an unknown god.
  2102 | D:3      | Reached XP level 5. HP: 43/43 MP: 2/12
  2419 | D:4      | Found a sand-covered staircase.
  2428 | Ossuary  | Entered an ossuary
  2521 | Ossuary  | Reached XP level 6. HP: 50/50 MP: 14/14
  2548 | Ossuary  | Reached skill level 5 in Fighting
  2548 | Ossuary  | Reached skill level 5 in Long Blades
  2548 | Ossuary  | Reached skill level 5 in Dodging
  2940 | D:4      | Learned a level 4 spell: Manifold Assault
  3165 | D:4      | Noticed Edmund
  3203 | D:4      | Killed Edmund
  3204 | D:4      | Reached XP level 7. HP: 4/56 MP: 13/15
  3550 | D:4      | Noticed Eustachio
  3716 | D:4      | Killed Eustachio
  4246 | D:4      | Reached skill level 6 in Translocations
  4454 | D:5      | Entered Level 5 of the Dungeon
  4474 | D:5      | Found an iron altar of Okawaru.
  4491 | D:5      | Killed from afar by an orc priest

Illustrated notes

Levels and vault maps discovered:
D:1:      elethiomel_arrival_quiet, layout_rooms
D:2:      layout_loops_ring, uniq_robin
D:3:      layout_loops_cross, overflow_temple_1_default,
          dreamdust_ecumenical_altar_statues
D:4:      layout_basic, nicolae_ossuary_entry_plus, grunt_decor_cap,
          uniq_edmund, uniq_eustachio
D:5:      layout_loops_cross, nicolae_overflow_crystal_walls, okawaru_trees_2

Skill      XL: |  1  2  3  4  5  6  7 |
---------------+----------------------+-----
Spellcasting   | 5 |  5.8
Invocations    | 1 2 3 |  3.2
Short Blades   | 1 2 |  2.9
Axes           | 1 2 |  2.9
Maces & Flails | 1 2 |  2.9
Polearms       | 1 2 |  2.9
Staves         | 1 2 |  2.9
Ranged Weapons | 1 2 |  2.9
Stealth        | 1 2 |  2.9
Shields        | 1 2 |  2.9
Unarmed Combat | 1 2 |  2.9
Evocations     | 1 2 |  2.9
Conjurations   | 1 2 |  2.3
Hexes          | 1 2 |  2.3
Summonings     | 1 2 |  2.3
Necromancy     | 1 2 |  2.3
Transmutations | 1 2 |  2.3
Fire Magic     | 1 2 |  2.3
Ice Magic      | 1 2 |  2.3
Air Magic      | 1 2 |  2.3
Earth Magic    | 1 2 |  2.3
Poison Magic   | 1 2 |  2.3
Throwing       | 3 |  3.9
Armour         | 3 |  3.9
Fighting       | 5 |  5.4
Long Blades    | 5 |  5.4
Dodging        | 5 |  5.4
Translocations | 6 |  6.0

Action                   |  1- 3 |  4- 6 |  7- 9 || total
-------------------------+-------+-------+-------++-------
Melee: Falchion          |   103 |   218 |    59 ||   380
       Bite              |     7 |    19 |     9 ||    35
       Punch             |       |     4 |     4 ||     8
       Unarmed           |       |       |     7 ||     7
Throw: Dart              |       |     6 |    10 ||    16
       Boomerang         |       |     3 |       ||     3
 Cast: Blink             |     1 |    10 |     1 ||    12
       Lesser Beckoning  |     4 |     1 |       ||     5
       Teleport Other    |     2 |     1 |     1 ||     4
       Vhi's Electric Ch |       |    31 |    10 ||    41
       Manifold Assault  |       |     2 |     3 ||     5
  Use: Potion            |       |     3 |     7 ||    10
       Scroll            |       |     2 |     1 ||     3
 Stab: Sleeping          |       |     2 |       ||     2
       Distracted        |       |     1 |     1 ||     2
Armor: Robe              |    37 |    42 |    45 ||   124
       Skin              |       |       |    43 ||    43
Dodge: Dodged            |    83 |   131 |   113 ||   327

Table legend: (Time is in decaauts)
 A = Elapsed time spent in this place.
 B = Non-inter-level travel time spent in this place.
 C = Inter-level travel time spent in this place.
 D = Time resting spent in this place.
 E = Time spent auto-exploring this place.
 F = Levels seen in this place.
 G = Mean time per level.
                   A        B        C        D        E       F      G
               +--------+--------+--------+--------+--------+-----+--------+
         Total |   4492 |   4317 |    175 |     36 |   3291 |   6 |  748.7 |
       Dungeon |   4017 |   3842 |    175 |     36 |   2992 |   5 |  803.4 |
       Ossuary |    475 |    475 |      0 |      0 |    299 |   1 |  475.0 |
               +--------+--------+--------+--------+--------+-----+--------+

Top non-repeatable levels by time:
     D:4: 1648 daAuts
     D:2: 938 daAuts
     D:3: 743 daAuts
     D:1: 650 daAuts
 Ossuary: 475 daAuts
     D:5: 36 daAuts
